 Dungeon Crawl Stone Soup version 0.32-a0-312-g1d7162e751 (webtiles) character file.

Game seed: 6539221597177355370

3380 MacCMillion the Thaumaturge (level 10, -5/72 HPs)
             Began as a Djinni Alchemist on Feb 15, 2024.
             Was a Follower of Makhleb.
             Shot with an arrow by a centaur (11 damage)
             ... on level 9 of the Dungeon.
             The game lasted 00:12:21 (7185 turns).

MacCMillion the Thaumaturge (Djinni Alchemist)      Turns: 7185, Time: 00:12:22

Health: -5/72      AC:  8    Str:  7    XL:     10   Next: 23%
Gold:   367        EV: 14    Int: 21    God:    Makhleb [*.....] SH:  0 Dex: 14

rFire   + + .        p - +1 dagger (freeze)
rCold   . . .        (no shield)
rNeg    . . .        d - +0 leather armour
rPois   ∞            m - +0 mask of the Dragon {Will+ Slay+3 SInv}
rElec   .            b - +0 cloak
rCorr   .            (no gloves)
SInv    +            (boots unavailable)
Will    ++...        (no amulet)
Stlth   ++           o - +4 ring of protection
HPRegen 0.32/turn    h - ring of protection from cold
MPRegen 0.00/turn

%: infuse magic (-6 HP)
@: flying
A: sickness immunity, fire resistance 2, cold vulnerability 1, float, innate
caster, HP casting, extra vitality 1
a: Renounce Religion


You were on level 9 of the Dungeon.
You worshipped Makhleb.
Makhleb was aware of your devotion.
You visited 2 branches of the dungeon, and saw 10 of its levels.

You collected 367 gold pieces.

Inventory:

Hand Weapons
 p - a +1 dagger of freezing (weapon)
Armour
 b - a +0 cloak (worn)
 d - a +0 leather armour (worn)
 m - the +0 mask of the Dragon (worn) {Will+ Slay+3 SInv}
   (You found it on level 3 of the Dungeon)

   Slay+3:    It affects your accuracy & damage with ranged weapons and melee
   (+3).
   Will+:     It increases your willpower.
   SInv:      It lets you see invisible.
Jewellery
 f - a ring of willpower
 h - a ring of protection from cold (right hand)
 l - an amulet of faith
 o - a +4 ring of protection (left hand)
 q - a ring of see invisible
 u - an amulet of reflection
 I - a ring of resist corrosion
Wands
 n - a wand of roots (9)
 r - a wand of flame (23)
 E - a wand of polymorph (8)
Scrolls
 i - 6 scrolls of teleportation
 j - a scroll of amnesia {unknown}
 k - 5 scrolls of fog
 s - 2 scrolls of identify
 t - a scroll of poison {unknown}
 w - 2 scrolls of blinking {unknown}
 x - 2 scrolls of noise {unknown}
 y - a scroll of vulnerability {unknown}
 z - a scroll of enchant weapon {unknown}
 G - a scroll of enchant armour {unknown}
Potions
 a - 2 potions of enlightenment {unknown}
 c - 5 potions of curing
 e - 2 potions of cancellation {unknown}
 g - a potion of might {unknown}
 v - a potion of berserk rage {unknown}
 A - 4 potions of heal wounds {unknown}
 B - a potion of degeneration {unknown}
 C - 2 potions of mutation {unknown}
 D - a potion of attraction {unknown}
 F - 2 potions of magic {unknown}
 H - 2 potions of haste {unknown}


   Skills:
 + Level 6.0 Fighting
 + Level 7.0 Dodging
 - Level 4.0 Stealth
 + Level 8.5 Spellcasting
 + Level 8.5 Conjurations
 + Level 8.5 Hexes
   Level 0.0 Charms
 + Level 8.5 Summonings
 + Level 8.5 Necromancy
 + Level 8.5 Translocations
   Level 0.0 Transmutations
 + Level 8.5 Fire Magic
 + Level 8.5 Ice Magic
 + Level 8.5 Air Magic
 + Level 8.5 Earth Magic
 + Level 8.5 Alchemy


You knew the following spells:

 Your Spells              Type           Power      Damage    Failure   Level
a - Sting                 Conj/Alch      100%       1d9       1%          1
b - Mercury Vapours       Alch/Air       88%        N/A       1%          2
c - Mephitic Cloud        Conj/Alch/Air  44%        N/A       1%          3
d - Olgreb's Toxic Radia  Alch           44%        N/A       3%          4
e - Sticky Flame          Fire/Alch      44%        2d8       3%          4
f - Magic Dart            Conj           100%       1d8       1%          1
g - Static Discharge      Conj/Air       88%        3-7/arc   1%          2
h - Ensorcelled Hibernat  Hex/Ice        88%        N/A       1%          2
i - Ignite Poison         Fire/Alch      44%        N/A       3%          4
Your spell library was empty.

Dungeon Overview and Level Annotations

Branches:
Dungeon (9/15)             Temple (1/1) D:5
   Lair: D:8-11         Orc: D:9-12

Altars:
Ashenzari
Cheibriados
Dithmenos
Elyvilon
Fedhas
Gozag
Hepliaklqana
Makhleb
Nemelex Xobeh
Okawaru
Qazlal
Ru
Trog
Wu Jian
Xom
Yredelemnul
Zin
The Shining One

Shops:
D:4 *

Annotations:
D:7 exclusion: ice statue


Innate Abilities, Weirdness & Mutations

You are immune to sickness and miasma.
You are immune to poison.
Your flesh is very heat resistant. (rF++)
You are vulnerable to cold. (rC-)
You float through the air rather than walking.
You learn spells naturally, not from books.
Your magical power is your life essence.
You have superior vitality. (+4 MHP)


Message History

The orc wizard looks even sicker.
The orc looks even sicker. x2
You hear a shout!
You kill the orc!
Makhleb accepts your kill.
A centaur comes into view.
The orc wizard looks even sicker.
The orc looks even sicker.
The orc priest looks even sicker.
You kill the orc!
Makhleb accepts your kill.
You feel better.
You kill the orc wizard!
Makhleb accepts your kill.
The orc priest calls down the wrath of Beogh upon you.
Beogh smites you!
* * * LOW HITPOINT WARNING * * *
Your Fighting skill increases to level 6!
Your Dodging skill increases to level 7!
You kill the orc!
Makhleb accepts your kill.
You kill the orc!
Makhleb accepts your kill.
You feel better.
Your toxic aura wanes.
Aiming: Throw Flame
Press: ? - help, Shift-Dir - straight line, f - orc priest
Aim: an orc priest, wielding a +0 war axe (almost dead, very poisoned, 68% to hit)
The puff of flame misses the orc priest.
An orange demon comes into view.
Aiming: Throw Flame
Press: ? - help, Shift-Dir - straight line, f/p - orc priest
Aim: an orc priest, wielding a +0 war axe (almost dead, very poisoned, 68% to hit)
The puff of flame hits the orc priest!
You kill the orc priest!
Makhleb accepts your kill.
The centaur shouts!
The centaur wields a +0 orcbow.
The centaur shoots an arrow.
The arrow closely misses you.
As you read the scroll of fog, it dissolves into smoke.
The centaur shoots an arrow.
The arrow hits you!
You die...

..#.... #........#
..#....+####........#
..P≈≈...........####
###P≈≈P..........#
...P.............#
....#......).....#
....'...§§§§§....#
...#...§§§§§.....
######.)).§@§......
....)c..#####§.....
........# .....
....c...# ....
........# ...
........# ..
..o.....' . ........#
..o.....#


You could see a centaur.

Vanquished Creatures
  Prince Ribbit (D:8)
  A wyvern (D:8)
  Grum (D:8)
  2 steam dragons (D:8)
  An acid dragon (D:8)
  2 water moccasins
  An ice beast (D:5)
  An orc warrior (D:7)
  2 ogres
  A centaur (D:7)
  4 wolves (D:8)
  3 bullfrogs
  3 scorpions
  A wight (D:7)
  2 electric eels (D:7)
  2 howler monkeys
  2 bombardier beetles (D:6)
  5 hounds
  3 orc priests
  2 gnoll boudas (D:6)
  2 jellies
  2 iguanas (D:6)
  7 orc wizards
  4 adders
  8 gnolls (D:6)
  4 shadow imps
  2 white imps
  4 ufetubi
  22 orcs
  3 endoplasms
  6 goblins
  8 hobgoblins
  3 jackals (D:2)
  6 quokkas
  5 ball pythons
  2 bats (D:2)
  5 kobolds
  3 rats
136 creatures vanquished.

Notes
Turn   | Place    | Note
-------+----------+-------------------------------------------
     0 | D:1      | MacCMillion the Djinni Alchemist began the quest for the
                  | Orb.
     0 | D:1      | MacCMillion set off with the following spells memorised:
                  | Sting, Mercury Vapours, Mephitic Cloud, Olgreb's Toxic
                  | Radiance, Sticky Flame.
     0 | D:1      | Reached XP level 1. HP: 15/15 MP: 0/0
    94 | D:1      | Reached XP level 2. HP: 20/21 MP: 0/0
   268 | D:1      | Found a faded altar of an unknown god.
   309 | D:1      | Reached XP level 3. HP: 22/25 MP: 0/0
   309 | D:1      | Learned a level 1 spell: Magic Dart
   952 | D:2      | Identified the +4 dagger of Foskogi {venom, Dex+3}
   964 | D:2      | Found a sacrificial altar of Ru.
  1144 | D:2      | You are sucked into a shaft and drop 1 floor!
  1156 | D:3      | Reached XP level 4. HP: 29/31 MP: 0/0
  1219 | D:3      | Found the +0 mask of the Dragon {Will+ Slay+3 SInv}
  2018 | D:4      | Found Nerhenoi's Neck Hole.
  2086 | D:4      | Identified the +3 hand axe "Mutol" {freeze, *Rage rC+ rN+
                  | rCorr}
  2314 | D:4      | Reached XP level 5. HP: 25/35 MP: 0/0
  2314 | D:4      | Learned a level 2 spell: Static Discharge
  2318 | D:4      | Reached skill level 5 in Spellcasting
  2318 | D:4      | Reached skill level 5 in Conjurations
  2318 | D:4      | Reached skill level 5 in Hexes
  2318 | D:4      | Reached skill level 5 in Summonings
  2318 | D:4      | Reached skill level 5 in Necromancy
  2318 | D:4      | Reached skill level 5 in Translocations
  2318 | D:4      | Reached skill level 5 in Fire Magic
  2318 | D:4      | Reached skill level 5 in Ice Magic
  2318 | D:4      | Reached skill level 5 in Air Magic
  2318 | D:4      | Reached skill level 5 in Earth Magic
  2318 | D:4      | Reached skill level 5 in Alchemy
  2406 | D:4      | Noticed an ogre
  2417 | D:4      | Killed an ogre
  2418 | D:4      | Reached XP level 6. HP: 33/40 MP: 0/0
  2925 | D:5      | Entered Level 5 of the Dungeon
  3277 | D:5      | Noticed an ogre
  3286 | D:5      | Killed an ogre
  3287 | D:5      | Reached XP level 7. HP: 37/45 MP: 0/0
  3287 | D:5      | Learned a level 2 spell: Ensorcelled Hibernation
  3563 | D:5      | Found a staircase to the Ecumenical Temple.
  3572 | Temple   | Entered the Ecumenical Temple
  4218 | D:6      | Reached XP level 8. HP: 43/51 MP: 0/0
  4309 | D:6      | Reached skill level 1 in Fighting
  4597 | D:6      | Found a blossoming altar of Fedhas.
  4607 | D:6      | Found a sparkling altar of Nemelex Xobeh.
  4608 | D:6      | Found a shadowy altar of Dithmenos.
  4609 | D:6      | Found a burning altar of Makhleb.
  4620 | D:6      | Became a worshipper of Makhleb the Destroyer
  5523 | D:7      | Reached XP level 9. HP: 53/60 MP: 0/0
  5523 | D:7      | Learned a level 4 spell: Ignite Poison
  5619 | D:7      | Reached * piety under Makhleb
  5928 | D:7      | Noticed an ice statue
  6415 | D:8      | Noticed Prince Ribbit
  6425 | D:8      | Killed Prince Ribbit
  6426 | D:8      | Reached skill level 5 in Dodging
  6447 | D:8      | Noticed Grum
  6592 | D:8      | Killed Grum
  6593 | D:8      | Reached skill level 5 in Fighting
  6605 | D:8      | Reached XP level 10. HP: 27/70 MP: 0/0
  6905 | D:8      | Noticed a four-headed hydra
  6905 | D:8      | Noticed a cyclops
  6907 | D:8      | Noticed a red ugly thing
  6908 | D:8      | Noticed a manticore
  7139 | D:9      | Noticed a sun demon
  7180 | D:9      | HP: 3/72 [orc priest/divine providence (13)]
  7183 | D:9      | Noticed an orange demon
  7185 | D:9      | Shot with an arrow by a centaur

Illustrated notes

Levels and vault maps discovered:
D:1:      hellmonk_arrival_library, layout_loops_ring,
          shapermc_ecumenical_altar_starsandcircs
D:2:      layout_basic, basic_altar
D:3:      layout_basic
D:4:      layout_basic, nicolae_shop_sticking_my_neck_out
D:5:      layout_basic, minmay_temple_entry_drinking_statues
D:6:      layout_loops_cross, grunt_temple_overflow_open, billiards_dpeg
D:7:      statuecave_lemuel, layout_loops_ring, kennysheep_generic_room_16
D:8:      layout_rooms, onia_ninara_dug_in_and_dangerous, uniq_grum,
          uniq_prince_ribbit1
D:9:      layout_irregular_city, nicolae_uskayaw_suspiria, serial_demonic,
          serial_demonic_g, serial_demonic_e, serial_demonic_b,
          serial_demonic_f, dreamdust_mushroom_princess
Temple:   minmay_temple_bridge_d

Skill      XL: |  1  2  3  4  5  6  7  8  9 10 |
---------------+-------------------------------+-----
Spellcasting   | 4 5 6 7 8 |  8.5
Conjurations   | 4 5 6 7 8 |  8.5
Hexes          | 4 5 6 7 8 |  8.5
Summonings     | 4 5 6 7 8 |  8.5
Necromancy     | 4 5 6 7 8 |  8.5
Translocations | 4 5 6 7 8 |  8.5
Fire Magic     | 4 5 6 7 8 |  8.5
Ice Magic      | 4 5 6 7 8 |  8.5
Air Magic      | 4 5 6 7 8 |  8.5
Earth Magic    | 4 5 6 7 8 |  8.5
Alchemy        | 4 5 6 7 8 |  8.5
Fighting       | 3 5 6 |  6.0
Stealth        | 3 4 |  4.0
Dodging        | 4 6 7 |  7.0

Action                     |  1- 3 |  4- 6 |  7- 9 | 10-12 || total
---------------------------+-------+-------+-------+-------++-------
  Melee: Unarmed           |     1 |     1 |       |       ||     2
         Dagger            |       |     6 |    46 |     3 ||    55
   Cast: Sting             |    45 |    54 |    51 |     2 ||   152
         Olgreb's Toxic Ra |       |     2 |    21 |     6 ||    29
         Mephitic Cloud    |       |     5 |    15 |       ||    20
         Magic Dart        |       |     2 |       |       ||     2
         Static Discharge  |       |     1 |     1 |       ||     2
         Sticky Flame      |       |       |    15 |       ||    15
         Ensorcelled Hiber |       |       |     5 |       ||     5
         Ignite Poison     |       |       |     2 |     4 ||     6
  Evoke: Wand              |       |       |       |     2 ||     2
    Use: Scroll            |       |       |       |     4 ||     4
         Potion            |       |       |       |     1 ||     1
   Stab: Confused          |       |       |     4 |       ||     4
         Sleeping          |       |       |     2 |       ||     2
 Armour: Robe              |     1 |       |       |       ||     1
         Leather armour    |     4 |    20 |    48 |     8 ||    80
  Dodge: Dodged            |     9 |    19 |    55 |     2 ||    85

Table legend: (Time is in decaauts)
 A = Elapsed time spent in this place.
 B = Non-inter-level travel time spent in this place.
 C = Inter-level travel time spent in this place.
 D = Time resting spent in this place.
 E = Time spent auto-exploring this place.
 F = Levels seen in this place.
 G = Mean time per level.
                   A        B        C        D        E       F      G
               +--------+--------+--------+--------+--------+-----+--------+
         Total |   7180 |   6817 |    363 |   1121 |   4748 |  10 |  718.0 |
       Dungeon |   7176 |   6813 |    363 |   1121 |   4748 |   9 |  797.3 |
        Temple |      3 |      3 |      0 |      0 |      0 |   1 |    3.0 |
               +--------+--------+--------+--------+--------+-----+--------+

Top non-repeatable levels by time:
     D:7: 1420 daAuts
     D:4: 1142 daAuts
     D:6: 1040 daAuts
     D:5: 971 daAuts
     D:1: 858 daAuts
     D:3: 799 daAuts
     D:8: 539 daAuts
     D:2: 285 daAuts
     D:9: 117 daAuts
  Temple: 3 daAuts
